 Dungeon Crawl Stone Soup version 0.28.0-43-g3370ac3207 (webtiles) character file.

Game seed: 5912271336120248567

57 jimonade the Vexing (level 4, -1/38 HPs)
             Began as a Gnoll Wanderer on Mar 17, 2022.
             Slain by a gnoll
             ... wielding a +0 flail
              (11 damage)
             ... on level 2 of the Dungeon.
             The game lasted 00:06:53 (2819 turns).

jimonade the Vexing (Gnoll Wanderer)                Turns: 2819, Time: 00:06:54

Health: -1/38      AC:  5    Str: 14    XL:     4   Next: 0%
Magic:  16/17      EV: 10    Int: 12    God:
Gold:   69         SH:  4    Dex: 13    Spells: 7/8 levels left

rFire   . . .      SeeInvis .   m - +4 hand axe of Woe {vorpal, Dex+3}
rCold   . . .      Faith    .   j - +0 buckler
rNeg    . . .      Spirit   .   i - +0 ring mail
rPois   .          Reflect  .   (no helmet)
rElec   .          Harm     .   (no cloak)
rCorr   +          Rampage  .   (no gloves)
Will    .....                   (no boots)
Stlth   +.........              (no amulet)
HPRegen 0.12/turn               l - ring of magical power
MPRegen 0.15/turn               h - ring of resist corrosion

@: no status effects
A: fangs 1, strong nose, distributed training
a: no special abilities


You were on level 2 of the Dungeon.
You visited 1 branch of the dungeon, and saw 2 of its levels.

You collected 69 gold pieces.

Inventory:

Hand Weapons
 a - a +1 mace
 m - the +4 hand axe of Woe (weapon) {vorpal, Dex+3}
   (You found it on level 2 of the Dungeon)

   It inflicts extra damage upon your enemies.
   Dex:       It affects your dexterity (+3).
Missiles
 c - 33 arrows
Armour
 b - a +0 leather armour
 d - a +0 leather armour
 i - a +0 ring mail (worn)
 j - a +0 buckler (worn)
 k - a +0 scale mail
Jewellery
 h - a ring of resist corrosion (right hand)
 l - a ring of magical power (left hand)
Wands
 o - a wand of iceblast (3)
Scrolls
 n - a scroll of teleportation {unknown}
Potions
 e - a potion of flight {unknown}
 f - a potion of heal wounds {unknown}
 g - 2 potions of brilliance {unknown}


   Skills:
 + Level 4.6 Fighting
 + Level 1.0 Short Blades
 + Level 1.0 Long Blades
 + Level 1.0 Axes
 + Level 2.7 Maces & Flails
 + Level 1.0 Polearms
 + Level 1.0 Staves
 + Level 1.0 Slings
 + Level 1.0 Bows
 + Level 1.0 Crossbows
 + Level 2.7 Throwing
 + Level 1.0 Armour
 + Level 1.0 Dodging
 + Level 2.5 Stealth
 + Level 1.0 Shields
 + Level 1.0 Unarmed Combat
 + Level 2.9 Spellcasting
 + Level 0.7 Conjurations
 + Level 5.4 Hexes
 + Level 0.7 Summonings
 + Level 0.7 Necromancy
 + Level 0.7 Translocations
 + Level 0.7 Transmutations
 + Level 0.7 Fire Magic
 + Level 0.7 Ice Magic
 + Level 0.7 Air Magic
 + Level 0.7 Earth Magic
 + Level 0.7 Poison Magic
 + Level 1.1 Invocations
 + Level 2.7 Evocations


You had 7 spell levels left.
You knew the following spells:

 Your Spells              Type           Power      Damage    Failure   Level
a - Slow                  Hex            56%        N/A       8%          1

Your spell library contained the following spells:

 Spells                   Type           Power      Damage    Failure   Level
 Tukima's Dance           Hex            14%        N/A       22%         3
 Fulminant Prism          Conj/Hex       4%         3d6       88%         4


Dungeon Overview and Level Annotations

Branches:
Dungeon (2/15)

Altars:


Innate Abilities, Weirdness & Mutations

You have very sharp teeth.
Your uncanny sense of smell can sniff out nearby items.
Your experience applies equally to all skills.


Message History

2 gnolls and 2 jackals come into view.
The gnoll shouts!
The jackal barks! x2; The gnoll shouts!
You hear a shout!
The jackal barely misses you. The jackal closely misses you.
You block the jackal's attack. You block the jackal's attack.
You hit the jackal.
The jackal is severely wounded.
The jackal bites you but does no damage.
The jackal barely misses you.
You miss the jackal.
The jackal is severely wounded.
The jackal misses you.
You slash the jackal!
You kill the jackal!
You slash the jackal!
You kill the jackal!
The gnoll hits you from afar with a +0 spear.
You have reached level 4!
You feel agile.
Unknown command.
You slash the gnoll!
The gnoll is severely wounded.
The gnoll barely misses you. The gnoll hits you with a +0 flail.
The gnoll barely misses you.
You closely miss the gnoll.
The gnoll is severely wounded.
The gnoll hits you with a +0 flail.
The gnoll hits you from afar with a +0 spear.
The gnoll hits you with a +0 flail!
You hit the gnoll.
The gnoll is severely wounded.
The gnoll barely misses you. The gnoll hits you with a +0 flail.
* * * LOW HITPOINT WARNING * * *
You are too injured to fight recklessly!
Aiming: Slow (safe; 8% risk of failure)
Press: ? - help, Q - select action, (/) - cycle Shift-Dir - straight line, f - gnoll
Aim: a gnoll, wielding a +0 flail (severely wounded, chance to affect: 62%)
The gnoll seems to slow down.
The gnoll hits you with a +0 flail!
You die...

#.#.. ...#.#
#######.#####..#.#
......#.. ...(.# #
......########..##.#
......'............#
......#########.####
......# #..# ......#
......# ##.##
......# ......# #@.#
......# ......# ##g#
.h.g..# ......#
#g##h.....# ......#
#..#......# ......#
##.#......# ##'####
######..#### #.#
#..........# ##'####
#.!........# ..)...#
#..........#


You could see 2 gnolls.

Vanquished Creatures
  4 worms (D:2)
  2 dart slugs
  3 ball pythons
  2 endoplasms (D:1)
  4 giant cockroaches
  3 hobgoblins
  8 jackals
  A kobold (D:2)
  A quokka (D:2)
  2 bats (D:1)
  6 frilled lizards
  4 rats
40 creatures vanquished.

Vanquished Creatures (others)
  2 fungi (D:1)
  4 plants (D:1)
  A withered plant (D:1)
7 creatures vanquished.

Grand Total: 47 creatures vanquished

Notes
Turn   | Place    | Note
-------+----------+-------------------------------------------
     0 | D:1      | jimonade the Gnoll Wanderer began the quest for the Orb.
     0 | D:1      | jimonade set off with the following items: a +1 mace, a +0
                  | leather armour; and the following spell memorised: Slow;
                  | and the following spells available to memorise: Tukima's
                  | Dance, Fulminant Prism
     0 | D:1      | Reached XP level 1. HP: 20/20 MP: 4/4
   218 | D:1      | Found a faded altar of an unknown god.
   277 | D:1      | Reached XP level 2. HP: 26/26 MP: 3/5
   855 | D:1      | Reached XP level 3. HP: 31/31 MP: 5/7
  2033 | D:2      | Reached skill level 1 in Invocations
  2372 | D:2      | Identified the +4 hand axe of Woe {vorpal, Dex+3}
  2490 | D:2      | Reached skill level 1 in Short Blades
  2490 | D:2      | Reached skill level 1 in Long Blades
  2490 | D:2      | Reached skill level 1 in Axes
  2490 | D:2      | Reached skill level 1 in Polearms
  2490 | D:2      | Reached skill level 1 in Staves
  2490 | D:2      | Reached skill level 1 in Slings
  2490 | D:2      | Reached skill level 1 in Bows
  2490 | D:2      | Reached skill level 1 in Crossbows
  2490 | D:2      | Reached skill level 1 in Armour
  2490 | D:2      | Reached skill level 1 in Dodging
  2490 | D:2      | Reached skill level 1 in Shields
  2490 | D:2      | Reached skill level 1 in Unarmed Combat
  2815 | D:2      | Reached XP level 4. HP: 34/38 MP: 8/8
  2819 | D:2      | Slain by a gnoll

Illustrated notes

Levels and vault maps discovered:
D:1:      lemuel_arrival_tunnels, layout_basic, shapermc_ecumenical_altar_gd,
          minmay_crystal_water
D:2:      layout_basic, small_statue_intersection

Skill      XL: |  1  2  3 |
---------------+----------+-----
Invocations    | 1 |  1.1
Short Blades   | 1 |  1.0
Long Blades    | 1 |  1.0
Axes           | 1 |  1.0
Polearms       | 1 |  1.0
Staves         | 1 |  1.0
Slings         | 1 |  1.0
Bows           | 1 |  1.0
Crossbows      | 1 |  1.0
Armour         | 1 |  1.0
Dodging        | 1 |  1.0
Shields        | 1 |  1.0
Unarmed Combat | 1 |  1.0
Fighting       | |  4.6
Maces & Flails | |  2.7
Throwing       | |  2.7
Stealth        | |  2.5
Spellcasting   | |  2.9
Conjurations   | |  0.7
Hexes          | |  5.4
Summonings     | |  0.7
Necromancy     | |  0.7
Translocations | |  0.7
Transmutations | |  0.7
Fire Magic     | |  0.7
Ice Magic      | |  0.7
Air Magic      | |  0.7
Earth Magic    | |  0.7
Poison Magic   | |  0.7
Evocations     | |  2.7

Action                   |  1- 3 |  4- 6 || total
-------------------------+-------+-------++-------
Melee: Mace              |   120 |       ||   120
       Bite              |    14 |       ||    14
       Hand axe          |    24 |     3 ||    27
       Punch             |     1 |       ||     1
 Cast: Slow              |    41 |     1 ||    42
 Stab: Sleeping          |     1 |       ||     1
Armor: Leather armour    |    17 |       ||    17
       Ring mail         |     7 |       ||     7
       Scale mail        |     1 |       ||     1
Dodge: Dodged            |    68 |     3 ||    71
Block: Buckler           |     2 |       ||     2
